 Dungeon Crawl Stone Soup version 0.30-a0-949-g53dc5368d7 (webtiles) character file.

Game seed: 4191123282979387310

441 Chaicat the Chopper (level 6, -3/56 HPs)
             Began as a Minotaur Berserker on Mar 27, 2023.
             Was a Priest of Trog.
             Slain by an orc wizard
             ... wielding a +0 dagger
              (4 damage)
             ... on level 4 of the Dungeon.
             The game lasted 00:07:56 (2549 turns).

Chaicat the Chopper (Minotaur Berserker)            Turns: 2549, Time: 00:07:57

Health: -3/56      AC:  9    Str: 26    XL:     6   Next: 71%
Magic:  5/5        EV:  9    Int:  4    God:    Trog [***...]
Gold:   176        SH:  0    Dex:  9    Spells: 5/5 levels left

rFire   + . .      SeeInvis .    c - +4 flail
rCold   + . .      Faith    .    (no shield)
rNeg    . . .      Spirit   .    h - +0 chain mail
rPois   +          Reflect  .    (helmet restricted)
rElec   +          Rampage  .    (no cloak)
rCorr   +                        (no gloves)
Will    .....                    (no boots) Stlth
                                 g - amulet of Hiorakh {Acrobat Regen+ Str+2}
HPRegen 1.09/turn                (no ring)
MPRegen 0.09/turn                (no ring)

@: lethally poisoned (-3 -> -3), resistant, hasted, very quick
A: horns 2, retaliatory headbutt
a: Renounce Religion, Berserk, Trog's Hand


You were on level 4 of the Dungeon.
You worshipped Trog.
Trog was most pleased with you.
You visited 1 branch of the dungeon, and saw 4 of its levels.

You collected 176 gold pieces.

Inventory:

Hand Weapons
 a - a +0 hand axe
 c - a +4 flail (weapon)
Armour
 h - a +0 chain mail (worn)
Jewellery
 g - the amulet of Hiorakh (around neck) {Acrobat Regen+ Str+2}
   (You found it on level 4 of the Dungeon)

   [amulet of the acrobat]

   It increases your evasion while moving and waiting.
   Str:       It affects your strength (+2).
   Regen:     It increases your rate of health regeneration.
 i - an amulet of reflection
Scrolls
 d - a scroll of enchant armour {unknown}
Potions
 f - 4 potions of brilliance


   Skills:
 + Level 5.5 Fighting
 + Level 5.5 Axes
 + Level 4.8 Armour
 + Level 4.3 Dodging


You had 5 spell levels left.
You didn't know any spells.
Your spell library was empty.

Dungeon Overview and Level Annotations

Branches:
Dungeon (4/15)
 Temple: D:4-7

Altars:
Trog


Innate Abilities, Weirdness & Mutations

You have a pair of horns on your head.
You reflexively headbutt those who attack you in melee.


Message History

You feel protected.
You feel very sick.
You hear some strange, mumbled words.
A magic dart appears from out of thin air!
The magic dart hits you.
* * * LOW HITPOINT WARNING * * *
The orc barely misses you.
The orc priest hits you but does no damage.
The orc hits you but does no damage. x2; The orc completely misses you.
It was a potion of haste.
You feel yourself speed up.
You feel sick. Something hits you but does no damage.
The orc hits you with a +0 short sword.
* * * LOW HITPOINT WARNING * * *
The orc priest hits you but does no damage.
The orc hits you but does no damage. The orc barely misses you.
The orc closely misses you.
You are too injured to fight recklessly!
You completely miss something.
* * * LOW HITPOINT WARNING * * *
You feel sick. The orc closely misses you.
The orc priest hits you but does no damage.
The orc hits you but does no damage. x2
You hear some strange, mumbled words.
Something tries to affect you, but you resist.
The orc closely misses you.
You feel sick.
You feel less confused.
You feel sick.
You barely miss the orc. Your headbutt misses the orc.
You feel sick.
You sock the orc!
You kill the orc!
Trog accepts your kill.
You feel sick.
The orc throws a stone.
The stone hits you but does no damage. The orc barely misses you.
You feel sick.
You are too injured to fight recklessly!
You hit the orc. You headbutt the orc.
You kill the orc!
Trog accepts your kill.
You feel sick. Something hits you.
You die...

.#....†))......#.......
.#..>........<..........
........................
........................
...⌠..........).........
......##.##..)..........
.......#.#..#o..........
...........##..o......#
...........##o)o@.....#
..........#############
..........# ..........#
#.........# #.....#####
#.....# #######


You could see an orc priest and 3 orcs.

Vanquished Creatures
  2 scorpions (D:4)
  A jelly (D:2)
  2 orc priests (D:2)
  3 orc wizards
  5 adders
  3 gnolls (D:2)
  2 white imps (D:4)
  3 worms
  A dart slug (D:2)
  9 orcs
  10 ball pythons
  5 endoplasms
  A giant cockroach (D:2)
  3 goblins
  7 hobgoblins
  4 kobolds
  A quokka (D:1)
  4 bats (D:3)
  6 rats
72 creatures vanquished.

Notes
Turn   | Place    | Note
-------+----------+-------------------------------------------
     0 | D:1      | Chaicat the Minotaur Berserker began the quest for the Orb.
     0 | D:1      | Reached XP level 1. HP: 19/19 MP: 0/0
   155 | D:1      | Reached XP level 2. HP: 27/27 MP: 1/1
   691 | D:2      | Reached ** piety under Trog
   766 | D:2      | Reached XP level 3. HP: 32/33 MP: 2/2
   915 | D:2      | Found a bloodstained altar of Trog.
  1234 | D:2      | Reached XP level 4. HP: 21/40 MP: 3/3
  1533 | D:2      | Reached XP level 5. HP: 30/47 MP: 4/4
  2087 | D:3      | Reached skill level 5 in Fighting
  2217 | D:3      | Reached skill level 5 in Axes
  2288 | D:4      | Reached XP level 6. HP: 23/56 MP: 5/5
  2433 | D:4      | Identified the amulet of Hiorakh {Acrobat Regen+ Str+2}
  2452 | D:4      | Reached *** piety under Trog
  2543 | D:4      | HP: 2/56 [poisoned by an orc]
  2548 | D:4      | HP: 1/56 [poisoned by an orc]
  2549 | D:4      | Slain by an orc wizard

Illustrated notes

Levels and vault maps discovered:
D:1:      dpeg_arrival_round_c, layout_basic
D:2:      layout_loops_ring, basic_altar
D:3:      layout_loops_cross
D:4:      layout_rooms, minmay_temple_entry_waves, solitary_fountain,
          kennysheep_crisscross

Skill      XL: |  1  2  3  4  5  6 |
---------------+-------------------+-----
Fighting       | 4 5 |  5.5
Axes           | 4 5 |  5.5
Armour         | 3 4 |  4.8
Dodging        | 3 4 |  4.3

Action                     |  1- 3 |  4- 6 || total
---------------------------+-------+-------++-------
  Melee: Hand axe          |    73 |       ||    73
         Headbutt          |     9 |     9 ||    18
         Punch             |     1 |       ||     1
         Flail             |       |    74 ||    74
    Use: Scroll            |     2 |     4 ||     6
         Potion            |       |     2 ||     2
 Armour: Scale mail        |    26 |    22 ||    48
         Chain mail        |       |    59 ||    59
  Dodge: Dodged            |    33 |    73 ||   106

Table legend: (Time is in decaauts)
 A = Elapsed time spent in this place.
 B = Non-inter-level travel time spent in this place.
 C = Inter-level travel time spent in this place.
 D = Time resting spent in this place.
 E = Time spent auto-exploring this place.
 F = Levels seen in this place.
 G = Mean time per level.
                   A        B        C        D        E       F      G
               +--------+--------+--------+--------+--------+-----+--------+
         Total |   2575 |   2534 |     41 |    292 |   1808 |   4 |  643.8 |
       Dungeon |   2575 |   2534 |     41 |    292 |   1808 |   4 |  643.8 |
               +--------+--------+--------+--------+--------+-----+--------+

Top non-repeatable levels by time:
     D:2: 1012 daAuts
     D:3: 766 daAuts
     D:1: 645 daAuts
     D:4: 150 daAuts
